[Event "Team 45 45 League T67"]
[Site "Internet Chess Club"]
[Date "2015.12.19"]
[Round "3"]
[White "Constrictor"]
[Black "Berke"]
[Result "1/2-1/2"]
[WhiteElo "1578"]
[BlackElo "1551"]
[Opening "King's Indian, 3.Nf3"]
[ECO "E60"]
[Time "12:00:35"]
[TimeControl "2700+45"]

1. Nf3 Nf6 2. d4 g6 3. c4 c5 4. d5 b5 5. cxb5 a6 6. Nc3 axb5 7. e4 d6 8. Bxb5+
Bd7 9. Qe2 Bg7 10. O-O O-O 11. Nd2 Bxb5 12. Nxb5 Nbd7 13. f4 Qb6 14. Nc3 Ne8 15.
Nc4 Qa6 16. Bd2 Nb6 17. b3 Bd4+ 18. Kh1 Nxc4 19. Qxc4 Nf6 20. Rfe1 Ng4 21. h3
Qxc4 22. bxc4 Nf6 23. a4 Rfb8 24. Ra2 Rb3 25. Nb5 Bf2 26. Re2 Rb1+ 27. Kh2 Bg1+
28. Kg3 Nh5+ 29. Kg4 h6 30. Re1 Nf6+ 31. Kf3 Rb3+ 32. Be3 Bxe3 33. Rxe3 Rb4 34.
Rc3 Rbxa4 {Game drawn by mutual agreement} 1/2-1/2

[Event "Team 45 45 League T67"]
[Site "Internet Chess Club"]
[Date "2015.12.20"]
[Round "3"]
[White "fireball"]
[Black "kutch"]
[Result "1-0"]
[WhiteElo "1634"]
[BlackElo "1532"]
[Opening "Vienna gambit"]
[ECO "C29"]
[Time "19:03:29"]
[TimeControl "2700+45"]

1. e4 e5 2. Nc3 Nf6 3. f4 exf4 4. Nf3 d6 5. d4 Bg4 6. Bxf4 d5 7. h3 dxe4 8. hxg4
exf3 9. Qxf3 c6 10. O-O-O Be7 11. d5 cxd5 12. Nxd5 Nxd5 13. Rxd5 Qc8 14. Bb5+
Nc6 15. Qe4 a6 16. Bxc6+ bxc6 17. Re5 Ra7 18. Rxh7 Rxh7 19. Qxh7 Qxg4 20. Qg8+
Kd7 21. Qxf7 Kc8 22. Qe8+ Bd8 23. Qxc6+ Rc7 24. Qxa6+ Kd7 25. Rd5+ Ke8 26. Bxc7
Bg5+ 27. Kb1 Qxg2 28. Qe6+ Be7 29. Rd8# {Black checkmated} 1-0

[Event "Team 45 45 League T67"]
[Site "Internet Chess Club"]
[Date "2015.12.19"]
[Round "3"]
[White "jpokerflat"]
[Black "mongmong"]
[Result "1-0"]
[WhiteElo "1372"]
[BlackElo "1588"]
[Opening "French: Tarrasch"]
[ECO "C03"]
[Time "12:00:35"]
[TimeControl "2700+45"]

1. e4 e6 2. d4 d5 3. Nd2 h6 4. Ngf3 Nf6 5. e5 Nfd7 6. Bd3 c5 7. c3 Nc6 8. O-O g5
9. h3 Bg7 10. Re1 Qb6 11. Qb3 cxd4 12. Qxb6 Nxb6 13. cxd4 Bd7 14. b3 O-O-O 15.
a3 f6 16. exf6 Bxf6 17. Bb2 Rdg8 18. Ne5 Nxe5 19. dxe5 Bd8 20. Nf1 g4 21. hxg4
Rxg4 22. Nh2 Rg7 23. g3 Bh4 24. Re3 Rhg8 25. Nf1 h5 26. Be2 Be8 27. Kh2 Bg5 28.
f4 Bd8 29. Kh3 Nd7 30. Rc1+ Kb8 31. Bd4 Rh8 32. Rec3 Bc7 33. Rxc7 Bg6 34. Bb5
Bf5+ 35. Kh2 h4 36. Kg2 hxg3 37. Nxg3 Be4+ 38. Kf2 Rh2+ 39. Ke1 Nc5 40. Rxg7
Nd3+ 41. Bxd3 {Black resigns} 1-0

[Event "Team 45 45 League T67"]
[Site "Internet Chess Club"]
[Date "2015.12.18"]
[Round "3"]
[White "GideonL"]
[Black "Kingfisher75"]
[Result "0-1"]
[WhiteElo "1431"]
[BlackElo "1596"]
[Opening "Giuoco Piano"]
[ECO "C50"]
[Time "19:13:02"]
[TimeControl "2700+45"]

1. e4 e5 2. Nf3 Nc6 3. Bc4 Bc5 4. O-O d6 5. Nc3 Nf6 6. d3 O-O 7. Bg5 h6 8. Bxf6
Qxf6 9. Nd5 Qd8 10. Bb5 Ne7 11. Nxe7+ Qxe7 12. Bc4 Bg4 13. h3 Be6 14. Bxe6 Qxe6
15. c3 Bb6 16. d4 exd4 17. cxd4 Qxe4 18. Re1 Qd5 19. Qb3 Qxb3 20. axb3 Rfe8 21.
Rxe8+ Rxe8 22. Kf1 Re4 23. Rd1 Kf8 24. d5 Rb4 25. Rd3 Re4 26. Nd2 Rf4 27. Rf3
Rxf3 28. Nxf3 Ke7 29. Ke2 f5 30. Nh4 Kf6 31. f4 Bd4 32. Kd3 Bxb2 33. g4 fxg4 34.
hxg4 g5 35. f5 gxh4 {White resigns} 0-1

[Event "Team 45 45 League T67"]
[Site "Internet Chess Club"]
[Date "2015.12.17"]
[Round "3"]
[White "medsurg"]
[Black "dabodhi"]
[Result "0-1"]
[WhiteElo "1371"]
[BlackElo "1437"]
[Opening "French: Steinitz variation"]
[ECO "C11"]
[Time "17:01:38"]
[TimeControl "2700+45"]

1. e4 e6 2. d4 d5 3. Nc3 Nf6 4. e5 Nfd7 5. Nf3 c5 6. Ne2 Nc6 7. c3 f6 8. Bf4 Qc7
9. exf6 Bd6 10. f7+ Kxf7 11. Ng5+ Ke7 12. Bxd6+ Qxd6 13. Qd2 h6 14. Nf4 e5 15.
O-O-O hxg5 16. dxe5 Ndxe5 17. Nxd5+ Kf7 18. Qxg5 Qg6 19. Qf4+ Qf5 20. Qxf5+ Bxf5
21. f4 Ng4 22. Rd2 Rad8 23. Be2 Nf6 24. Nxf6 Rxd2 25. Kxd2 Rd8+ 26. Ke3 Kxf6 27.
g4 Re8+ 28. Kf2 Bc2 29. Rc1 Be4 30. Rd1 Rd8 31. Ke3 Rxd1 32. Bxd1 Bd5 33. h4
Bxa2 34. Bc2 Bf7 35. g5+ Ke6 36. g6 Be8 37. h5 Kf6 38. Ke4 Ne7 39. Bb1 Bc6+ 40.
Ke3 Nd5+ {White resigns} 0-1

[Event "Team 45 45 League T67"]
[Site "Internet Chess Club"]
[Date "2015.12.20"]
[Round "3"]
[White "Invicta-Knight"]
[Black "Elalfer"]
[Result "1-0"]
[WhiteElo "1583"]
[BlackElo "1555"]
[Opening "Sicilian: Grand Prix attack"]
[ECO "B23"]
[Time "12:00:50"]
[TimeControl "2700+45"]

1. e4 c5 2. Nc3 Nc6 3. f4 g6 4. Nf3 Bg7 5. Bc4 e6 6. O-O Nge7 7. d3 d5 8. Bb5 a6
9. Bxc6+ bxc6 10. Na4 Qa5 11. c4 O-O 12. Bd2 Qc7 13. e5 Nf5 14. Nxc5 Qb6 15. b4
a5 16. a3 dxc4 17. dxc4 Ba6 18. Qc2 Rfd8 19. Kh1 Nd4 20. Nxd4 Rxd4 21. Be3 Rxc4
22. Qd2 Qb5 23. Rfb1 a4 24. Rc1 Rxc1+ 25. Rxc1 Bf8 26. Nd7 Rc8 27. Nf6+ Kg7 28.
h3 Qd3 29. Qxd3 Bxd3 30. Bc5 Bxc5 31. Rxc5 h5 32. Rc3 Bb5 33. Ne4 Kf8 34. Nd6
Rd8 35. g3 Ke7 36. Kg2 Rd7 37. Kf3 f6 38. Rc5 f5 39. h4 Rxd6 40. exd6+ Kxd6 41.
Ke3 Ke7 42. Kd4 Kd7 43. Re5 Kd6 44. Rc5 Be2 45. Ra5 Bb5 46. Ra7 e5+ 47. fxe5+
Ke6 48. Rc7 {Black resigns} 1-0

[Event "Team 45 45 League T67"]
[Site "Internet Chess Club"]
[Date "2015.12.18"]
[Round "3"]
[White "fuzzface"]
[Black "bardu"]
[Result "0-1"]
[WhiteElo "1332"]
[BlackElo "1375"]
[Opening "Nimzo-Indian: three knights variation"]
[ECO "E21"]
[Time "13:32:04"]
[TimeControl "2700+45"]

1. d4 Nf6 2. c4 e6 3. Nc3 Bb4 4. Nf3 b6 5. a3 Bxc3+ 6. bxc3 Bb7 7. Bg5 h6 8.
Bxf6 Qxf6 9. Qd3 O-O 10. e4 d6 11. Be2 Nd7 12. O-O Qf4 13. d5 exd5 14. cxd5 Rfe8
15. Nd2 Nc5 16. Qf3 Qxd2 17. Bb5 Rxe4 18. Rad1 Qb2 19. c4 a6 20. Bd7 Rxc4 21.
Rde1 Nxd7 22. Re7 Qf6 23. Qxf6 Nxf6 {White resigns} 0-1

[Event "Team 45 45 League T67"]
[Site "Internet Chess Club"]
[Date "2015.12.19"]
[Round "3"]
[White "BrerRabbit"]
[Black "Visin"]
[Result "1/2-1/2"]
[WhiteElo "1464"]
[BlackElo "1276"]
[Opening "Queen's pawn, Mason variation"]
[ECO "D00"]
[Time "10:31:43"]
[TimeControl "2700+45"]

1. d4 d5 2. Bf4 Nf6 3. e3 c6 4. c4 Bf5 5. Nc3 e6 6. Qb3 b6 7. h3 h6 8. Nf3 Nbd7
9. Be2 Be7 10. O-O O-O 11. Rac1 Nh7 12. cxd5 cxd5 13. Rfd1 a6 14. Bd3 Bxd3 15.
Rxd3 Ng5 16. Nxg5 Bxg5 17. Bxg5 Qxg5 18. Ne2 Rfc8 19. Rdc3 Qd8 20. Qd1 Rxc3 21.
Rxc3 Rc8 22. Qc2 Rxc3 23. Qxc3 {Game drawn by mutual agreement} 1/2-1/2

[Event "Team 45 45 League T67"]
[Site "Internet Chess Club"]
[Date "2015.12.20"]
[Round "3"]
[White "stasis009"]
[Black "PsyMar"]
[Result "0-1"]
[WhiteElo "1218"]
[BlackElo "1470"]
[Opening "King's Indian: Smyslov system"]
[ECO "E61"]
[Time "14:00:29"]
[TimeControl "2700+45"]

1. d4 Nf6 2. c4 g6 3. Nc3 Bg7 4. Nf3 d6 5. Bg5 O-O 6. e3 c5 7. d5 Nbd7 8. Be2
Qa5 9. Qc2 Rb8 10. O-O a6 11. Nd2 Ne5 12. Nb3 Qc7 13. e4 e6 14. Rad1 Bd7 15. a4
Qc8 16. h3 exd5 17. Nxd5 Nxd5 18. exd5 Bxa4 19. f4 f6 20. Bh4 Nf7 21. Qd3 Bd7
22. Rf3 Bf5 23. Qd2 Be4 24. Rf2 Qd7 25. Ra1 b5 26. Rxa6 bxc4 27. Bxc4 Bf5 28.
Qc3 Rfe8 29. Na5 g5 30. Bg3 h5 31. Nc6 h4 32. Nxb8 Rxb8 33. Bh2 Be4 34. b3 f5
35. Qe3 Bd4 36. Qd2 Bxf2+ 37. Kxf2 g4 {White resigns} 0-1

[Event "Team 45 45 League T67"]
[Site "Internet Chess Club"]
[Date "2015.12.27"]
[Round "3"]
[White "RD1974"]
[Black "krysto"]
[Result "1-0"]
[WhiteElo "1703"]
[BlackElo "1572"]
[Opening "French defense"]
[ECO "C00"]
[Time "17:01:51"]
[TimeControl "2700+45"]

1. e4 e6 2. Nc3 d5 3. e5 c5 4. f4 Nc6 5. Nf3 Nh6 6. d3 a6 7. g3 b5 8. Bg2 Bb7 9.
O-O Be7 10. Ne2 Qb6 11. c3 a5 12. Be3 O-O 13. d4 c4 14. h3 b4 15. g4 f5 16. exf6
gxf6 17. f5 Nf7 18. fxe6 Nfd8 19. Bh6 Re8 20. Nf4 Na7 21. Nh4 Qb5 22. Qc2 Nc8
23. Qf5 Nd6 24. Qh5 bxc3 25. bxc3 Qb2 26. Rfc1 Ne4 27. Bxe4 dxe4 28. Rab1 Qa3
29. Qxe8+ {Black resigns} 1-0

[Event "Team 45 45 League T67"]
[Site "Internet Chess Club"]
[Date "2015.12.17"]
[Round "3"]
[White "DIonized"]
[Black "Bible-Believer"]
[Result "1-0"]
[WhiteElo "1302"]
[BlackElo "1497"]
[Opening "Sicilian defense"]
[ECO "B40"]
[Time "12:00:34"]
[TimeControl "2700+45"]

1. e4 c5 2. Nf3 e6 3. Nc3 a6 4. a4 Nc6 5. d4 cxd4 6. Nxd4 Qc7 7. Be3 Nf6 8. Be2
Be7 9. O-O b6 10. f4 d6 11. Nxc6 Qxc6 12. Bf3 e5 13. Nd5 Nxd5 14. Qxd5 Qxd5 15.
exd5 Bd7 16. fxe5 Rc8 17. exd6 Bxd6 18. c3 O-O 19. Bxb6 Rb8 20. a5 Rfe8 21. Rfe1
Rec8 22. Be2 Bc5+ 23. Bxc5 Rxc5 24. Bxa6 Rxb2 25. c4 Kf8 26. Rab1 Ra2 27. Rb8+
{Black resigns} 1-0

[Event "Team 45 45 League T67"]
[Site "Internet Chess Club"]
[Date "2015.12.19"]
[Round "3"]
[White "Fogbound"]
[Black "kingsrook"]
[Result "0-1"]
[WhiteElo "1291"]
[BlackElo "1377"]
[Opening "Queen's bishop game"]
[ECO "D00"]
[Time "11:00:58"]
[TimeControl "2700+45"]

1. d4 d5 2. Bf4 Nf6 3. Nf3 c5 4. e3 Nc6 5. c3 e6 6. Bd3 Bd6 7. Ne5 O-O 8. Nd2
Qc7 9. Ndf3 b6 10. Qc2 c4 11. Be2 Bb7 12. h4 Ne4 13. g4 f6 14. Rh2 fxe5 15. Ng5
exf4 16. Nxe6 Qe7 17. Nxf8 Rxf8 18. O-O-O f3 {White resigns} 0-1

[Event "Team 45 45 League T67"]
[Site "Internet Chess Club"]
[Date "2015.12.18"]
[Round "3"]
[White "rubo"]
[Black "Hal2001"]
[Result "1-0"]
[WhiteElo "1633"]
[BlackElo "1643"]
[Opening "Queen's bishop game"]
[ECO "D02"]
[Time "21:00:13"]
[TimeControl "2700+45"]

1. d4 Nf6 2. Nf3 d5 3. Bf4 g6 4. e3 Bg7 5. h3 O-O 6. Be2 Nbd7 7. O-O c5 8. c3
Re8 9. Bh2 a6 10. a4 Qb6 11. Qc2 Ne4 12. a5 Qd8 13. c4 cxd4 14. exd4 Ndf6 15.
Qb3 e6 16. Nc3 dxc4 17. Bxc4 Ra7 18. Rfe1 Nd6 19. Bd3 Nf5 20. Bxf5 exf5 21.
Rxe8+ Qxe8 22. Qb6 Ra8 23. Re1 Ne4 24. Nd5 Be6 25. Nc7 Qd8 26. Nxa8 Qxa8 27. Rc1
Qe8 28. Qxb7 Qa4 29. Qb6 Nf6 30. Be5 Qd7 31. Qxa6 Nd5 32. Qa8+ Bf8 33. a6 f6 34.
Bb8 Nf4 35. Bxf4 {Black resigns} 1-0

[Event "Team 45 45 League T67"]
[Site "Internet Chess Club"]
[Date "2015.12.18"]
[Round "3"]
[White "ChessMaine"]
[Black "nosir"]
[Result "0-1"]
[WhiteElo "1500"]
[BlackElo "1475"]
[Opening "Queen's pawn: stonewall attack"]
[ECO "D00"]
[Time "20:02:26"]
[TimeControl "2700+45"]

1. d4 d5 2. e3 Nf6 3. Bd3 e6 4. Nd2 c5 5. c3 Nc6 6. f4 Be7 7. Ngf3 b6 8. Ne5 Bb7
9. Qf3 Rc8 10. O-O O-O 11. g4 Nd7 12. Nxd7 Qxd7 13. g5 g6 14. Qg4 f5 15. gxf6
Rxf6 16. Nf3 Qe8 17. Bd2 Rc7 18. Kh1 Bc8 19. Ne5 Bd8 20. Rg1 Nxe5 21. fxe5 Rf8
22. Be1 Rg7 23. Bh4 Bxh4 24. Qxh4 Qe7 25. Qg3 Rgf7 26. Raf1 Rxf1 27. Rxf1 Rxf1+
28. Bxf1 Qf8 29. Bh3 c4 30. Kg2 b5 31. Bg4 a5 32. Qh3 Qe7 33. Kg3 h5 34. Bd1 b4
35. Bc2 bxc3 36. bxc3 Kg7 37. e4 Qa3 38. exd5 Qxc3+ 39. Kh4 Qxd4+ 40. Kg5 Qxe5+
41. Kh4 Qd4+ 42. Kg3 Qc3+ 43. Kh4 Qxc2 44. Qa3 Qe4+ 45. Kg3 Qg4+ 46. Kf2 exd5
47. Qe7+ Kh6 48. Qf8+ Kg5 49. Qd8+ Kf4 50. Qd6+ Ke4 51. Qe7+ Be6 52. Qa3 Qf4+
53. Kg1 Qe3+ {White resigns} 0-1

[Event "Team 45 45 League T67"]
[Site "Internet Chess Club"]
[Date "2015.12.19"]
[Round "3"]
[White "g8wrb"]
[Black "seattleblues"]
[Result "1-0"]
[WhiteElo "1265"]
[BlackElo "1396"]
[Opening "Caro-Kann defense"]
[ECO "B10"]
[Time "05:12:42"]
[TimeControl "2700+45"]

1. e4 c6 2. Nf3 d5 3. exd5 cxd5 4. d4 Nf6 5. Bd3 Bg4 6. Bf4 Nc6 7. c3 e6 8. O-O
Be7 9. Nbd2 O-O 10. Re1 Rc8 11. Qb3 Qd7 12. Rac1 Bd8 13. Ne5 Nxe5 14. dxe5 Ne8
15. Qc2 g6 16. Nb3 Ng7 17. Nd4 Nh5 18. Bh6 Re8 19. Bb5 Qe7 20. Bxe8 Qxe8 21. Be3
Bc7 22. Bd2 Bb6 23. Be3 Ng7 24. Qd3 Bxd4 25. cxd4 Bf5 26. Rxc8 Qxc8 27. Qc3 Qd8
28. Rc1 {Black resigns} 1-0

[Event "Team 45 45 League T67"]
[Site "Internet Chess Club"]
[Date "2015.12.22"]
[Round "3"]
[White "Conjurer"]
[Black "SeniorCitizen"]
[Result "1-0"]
[WhiteElo "1152"]
[BlackElo "1309"]
[Opening "Queen's pawn, Mason variation"]
[ECO "D00"]
[Time "12:01:30"]
[TimeControl "2700+45"]

1. d4 d5 2. Bf4 e6 3. Nf3 Nf6 4. e3 Be7 5. Bd3 O-O 6. h3 c5 7. c4 b6 8. Nc3 Nc6
9. O-O cxd4 10. exd4 dxc4 11. Bxc4 Bb7 12. d5 exd5 13. Nxd5 Nxd5 14. Bxd5 Rc8
15. a3 Bf6 16. Ra2 Qd7 17. b4 Rcd8 18. Bb3 Nd4 19. Nxd4 Qxd4 20. Qg4 Be5 21. Be3
Qxg4 22. hxg4 Bd5 23. Bxd5 Rxd5 24. Rd2 Rxd2 25. Bxd2 Rd8 26. Be3 f6 27. f4 Bd4
28. Rf3 Bb2 29. a4 Ba3 30. b5 Rd3 31. f5 Bd6 32. Bf2 Rxf3 33. gxf3 Kf7 34. Kf1
Ke7 35. Ke2 Kd7 36. Kd3 g6 37. Ke4 g5 38. Bd4 Ke7 39. Kd5 Bb4 40. Kc6 Ba3 41.
Kb7 Bc5 42. Bc3 Kd6 {Black resigns} 1-0

[Event "Team 45 45 League T67"]
[Site "Internet Chess Club"]
[Date "2015.12.17"]
[Round "3"]
[White "jjaillet2007"]
[Black "Aquaman"]
[Result "0-1"]
[WhiteElo "1282"]
[BlackElo "1332"]
[Opening "Old Indian defense"]
[ECO "A53"]
[Time "15:31:20"]
[TimeControl "2700+45"]

1. d4 Nf6 2. c4 d6 3. Nc3 c6 4. Bg5 Nbd7 5. Nf3 Qc7 6. e3 e5 7. dxe5 dxe5 8. Bd3
Bd6 9. Rc1 O-O 10. O-O Be7 11. Bb1 h6 12. Bh4 Rd8 13. Qc2 g6 14. Ne4 Re8 15.
Nxf6+ Nxf6 16. Qc3 Bd8 17. Bg3 Nd7 18. h4 Bf6 19. Qc2 Nf8 20. Nd2 Bf5 21. e4 Be6
22. Qd3 Rad8 23. Qe2 h5 24. Nf3 Bg4 25. Qe3 a6 26. Ng5 Qe7 27. f3 Bc8 28. f4 Nd7
29. fxe5 Bxe5 30. Bxe5 Nxe5 31. Rcd1 Rxd1 32. Rxd1 Nxc4 33. Qc3 Ne5 34. Rf1 Rf8
35. a3 Qc7 36. Nf3 Nxf3+ 37. Rxf3 Be6 38. Bd3 Qe7 39. Qe5 Qxh4 40. Qc7 Bc8 41.
Bc4 Qe1+ 42. Kh2 Be6 43. Bxe6 fxe6 44. Rxf8+ Kxf8 45. Qxb7 Qxe4 46. Qxa6 Qd5 47.
Qc8+ Kf7 48. Qc7+ Kf6 49. a4 Qe5+ 50. Qxe5+ Kxe5 51. a5 Kd6 52. a6 Kc7 53. a7
Kb7 54. a8=Q+ Kxa8 55. Kg3 Kb7 56. Kf4 Kc7 57. Ke5 c5 58. Kxe6 Kc6 59. Kf6 c4
60. Ke5 Kb5 61. Kd4 g5 62. g3 Kb4 63. b3 cxb3 {White resigns} 0-1

[Event "Team 45 45 League T67"]
[Site "Internet Chess Club"]
[Date "2015.12.21"]
[Round "3"]
[White "bugeyes"]
[Black "Just-Jim"]
[Result "1-0"]
[WhiteElo "1068"]
[BlackElo "1341"]
[Opening "King's pawn opening"]
[ECO "B07"]
[Time "13:00:15"]
[TimeControl "2700+45"]

1. e4 d6 2. d4 c6 3. Nf3 e6 4. c4 Be7 5. Nc3 f5 6. Bd3 Nf6 7. exf5 exf5 8. O-O
O-O 9. Re1 d5 10. cxd5 Nxd5 11. Bc4 Kh8 12. Qb3 Nb4 13. a3 b5 14. axb4 bxc4 15.
Qxc4 Bf6 16. Bf4 Nd7 17. Ne5 Bxe5 18. Bxe5 Nb6 19. Qxc6 f4 20. Qc7 Qxc7 21. Bxc7
Nc4 22. b3 Nd2 23. Ra3 Bb7 24. f3 Bxf3 25. Ra2 Bb7 26. Rxd2 Rac8 27. Re7 f3 28.
g3 Rfe8 29. Rxe8+ Rxe8 30. d5 Re1+ 31. Kf2 Rc1 32. d6 Bc6 33. d7 Bxd7 34. Rxd7
h6 35. Nb5 a6 36. Nd4 Rd1 37. Rd8+ Kh7 38. Bb6 Rd2+ 39. Kxf3 Rxh2 40. Ra8 Rh1
41. Rxa6 Rf1+ 42. Kg2 Rf6 43. b5 Rf8 44. Bc5 Rc8 45. Bb4 Rd8 46. Ne6 Re8 47. Bf8
Rc8 48. Ra7 Rb8 49. Rxg7+ Kh8 50. Rg6 Rb7 51. Rxh6+ Kg8 52. g4 Rxb5 53. Rh3 Re5
54. Rg3 Rxe6 55. Ba3 Ra6 56. Bb2 Ra2 57. g5 Rxb2+ 58. Kf3 Rxb3+ 59. Kf4 Rxg3 60.
Kxg3 Kh7 61. Kf4 Kg6 62. Kg4 Kg7 63. Kf5 Kg8 64. Kg6 Kh8 65. Kf7 Kh7 66. g6+ Kh8
67. g7+ Kh7 68. g8=Q+ {Black resigns} 1-0

[Event "Team 45 45 League T67"]
[Site "Internet Chess Club"]
[Date "2015.12.16"]
[Round "3"]
[White "mongmong"]
[Black "SeniorCitizen"]
[Result "1-0"]
[WhiteElo "1614"]
[BlackElo "1345"]
[Opening "Queen's pawn game"]
[ECO "D05"]
[Time "17:08:55"]
[TimeControl "2700+45"]

1. d4 d5 2. Nf3 e6 3. e3 Nf6 4. c3 Be7 5. Bd3 O-O 6. Nbd2 b6 7. Qe2 Bb7 8. O-O
Nbd7 9. e4 dxe4 10. Nxe4 Nxe4 11. Bxe4 Bxe4 12. Qxe4 Nf6 13. Qe2 Re8 14. Ne5 Qd5
15. Re1 Bd6 16. Bg5 Bxe5 17. Qxe5 Qxe5 18. Rxe5 Nd7 19. Re2 c5 20. dxc5 Nxc5 21.
Rd1 f6 22. Be3 Rad8 23. Red2 Rxd2 24. Rxd2 Kf7 25. Bxc5 Rd8 26. Rxd8 {Black
resigns} 1-0

[Event "Team 45 45 League T67"]
[Site "Internet Chess Club"]
[Date "2015.12.17"]
[Round "3"]
[White "Fogbound"]
[Black "rhayder"]
[Result "1/2-1/2"]
[WhiteElo "1304"]
[BlackElo "1386"]
[Opening "Queen's pawn: London system"]
[ECO "A45"]
[Time "14:22:22"]
[TimeControl "2700+45"]

1. d4 Nf6 2. Bf4 g6 3. e3 Bg7 4. Bd3 O-O 5. Nd2 d6 6. Ne2 Nd5 7. Bg3 Nd7 8. c3
c5 9. O-O cxd4 10. exd4 N7b6 11. h3 Bd7 12. Nf3 Rc8 13. Rc1 Nc4 14. Qb3 Ncb6 15.
Nf4 Nxf4 16. Bxf4 Be6 17. Qd1 Nc4 18. Qe2 Nb6 19. b3 Nd5 20. Bd2 Qd7 21. Bb5 Qc7
22. Bd3 a6 23. c4 Nf6 24. Bf4 Qd7 25. Ng5 Nh5 26. Be3 b5 27. Nxe6 Qxe6 28. d5
Qd7 29. Qd2 Qb7 30. Bh6 bxc4 31. bxc4 Qa7 32. Bxg7 Kxg7 33. Rfe1 Nf6 34. Qe2
Rfe8 35. Qd2 Nd7 36. Qb2+ Kh6 37. Qd2+ Kg7 38. Qg5 Nc5 39. Qe3 Qc7 40. Qd4+ Kh6
41. Qh4+ Kg7 42. Bb1 a5 43. Re3 a4 44. Qd4+ Kh6 45. Rf3 Rf8 46. h4 Qb7 47. h5 f6
48. hxg6 hxg6 49. Rh3+ Kg7 50. Bxg6 Kxg6 51. Qg4+ Kf7 52. Rh7+ Ke8 53. Re1 Rf7
54. Rh8+ Rf8 55. Rxe7+ Kxe7 56. Qe2+ Kd8 57. Rxf8+ Kc7 58. Rf7+ Nd7 59. g3 Kb8
60. Kg2 Rf8 61. Rxf8+ Nxf8 62. Qe8+ Qc8 63. Qb5+ Qb7 64. Qxa4 Nd7 65. Qa3 Ne5
66. Qxd6+ Qc7 67. Qxf6 Nxc4 68. Qf8+ Kb7 69. Qb4+ Kc8 70. Qf8+ Kb7 71. Qb4+ Kc8
72. Qf8+ Qd8 73. Qc5+ Qc7 74. Qxc7+ Kxc7 75. Kf3 Kd6 76. Ke4 Ne5 77. f4 Ng4 78.
a4 Nf6+ 79. Kd4 Nxd5 80. a5 Nf6 81. a6 Kc7 82. Ke5 Nd7+ 83. Ke6 Nc5+ 84. Ke5
Nxa6 85. f5 Kd7 86. f6 Ke8 87. g4 Kf7 88. g5 Kg6 89. Ke6 Nc7+ 90. Ke5 Ne8 91.
Ke6 Ng7+ 92. fxg7 Kxg7 93. Kf5 Kf7 94. Ke5 Kg6 95. Kf4 Kg7 96. Kf5 Kf7 97. Ke5
Kg6 98. Kf4 Kg7 99. Kf5 Kf7 100. g6+ Kg7 101. Kg5 Kg8 102. Kf6 Kf8 103. Kg5 Kg7
104. Kf5 Kg8 105. Kf6 Kf8 106. Kg5 Kg8 107. Kf6 Kf8 108. Kg5 Kg8 109. Kh6 Kh8
110. Kg5 Kg8 111. Kf6 Kf8 112. Ke6 Kg7 113. Kf5 Kg8 114. Kf6 Kf8 {Game drawn by
repetition} 1/2-1/2

[Event "Team 45 45 League T67"]
[Site "Internet Chess Club"]
[Date "2015.12.26"]
[Round "3"]
[White "stantheman59"]
[Black "joaoazm"]
[Result "1/2-1/2"]
[WhiteElo "1260"]
[BlackElo "1100"]
[Opening "Philidor's defense"]
[ECO "C41"]
[Time "20:02:20"]
[TimeControl "2700+45"]

1. e4 e5 2. Nf3 d6 3. Bc4 Nf6 4. Nc3 Nc6 5. a3 a6 6. d4 b5 7. Bb3 Bg4 8. Be3
Bxf3 9. Qxf3 exd4 10. Bd2 dxc3 11. Bxc3 Be7 12. e5 Qd7 13. exf6 Bxf6 14. Bxf6
gxf6 15. Qe4+ Qe7 16. Qxe7+ Nxe7 17. g4 O-O 18. h4 Rfe8 19. Kd2 c5 20. h5 c4 21.
Ba2 d5 22. c3 f5 23. g5 Nc6 24. Bb1 Ne7 25. Bc2 Rad8 26. Rh4 Kg7 27. Rf4 f6 28.
gxf6+ Kxf6 29. Rh4 Kg5 30. Rah1 h6 31. f4+ Kf6 32. a4 d4 33. axb5 axb5 34. Ra1
d3 35. Bd1 Ra8 36. Rxa8 Rxa8 37. Bf3 Rb8 38. Rh1 Rd8 39. Ra1 b4 40. cxb4 Nd5 41.
Ra6+ Kg7 42. Bxd5 Rxd5 43. Ra7+ Kf6 44. Ra6+ Kg7 45. Ra7+ {Game drawn by mutual
agreement} 1/2-1/2

[Event "Team 45 45 League T67"]
[Site "Internet Chess Club"]
[Date "2015.12.30"]
[Round "3"]
[White "oldbookseller"]
[Black "chips"]
[Result "0-1"]
[WhiteElo "1034"]
[BlackElo "1217"]
[Opening "Queen's pawn: English defense"]
[ECO "A40"]
[Time "09:02:17"]
[TimeControl "2700+45"]

1. d4 b6 2. e3 Bb7 3. Nd2 d5 4. Ngf3 e6 5. Bd3 Nf6 6. O-O g6 7. Re1 Bg7 8. e4
dxe4 9. Nxe4 O-O 10. Rb1 Nc6 11. c3 a5 12. a3 Ba6 13. Be3 Bxd3 14. Qxd3 Qc8 15.
Nxf6+ Bxf6 16. Bh6 Bg7 17. Bxg7 Kxg7 18. Ng5 Qa6 19. Qh3 h6 20. Ne4 Qc8 21. Qf3
Ne7 22. Qf6+ Kh7 23. Qe5 Ng8 24. Ng5+ hxg5 25. Qxg5 Qd8 26. Qg3 Kg7 27. Qe5+ Nf6
28. Re3 Qd6 29. Qg5 Nh7 30. Qh4 Rh8 31. Rh3 Nf6 32. Qg5 Rxh3 33. gxh3 Rh8 34. h4
Rh5 35. Qe3 Rxh4 36. Kf1 Qxh2 37. Ke2 Qf4 38. Qd3 Qe4+ 39. Kd2 Qxd3+ 40. Kxd3
Rh2 41. f4 Rh3+ 42. Kc4 Ne4 43. d5 Nd2+ {White resigns} 0-1

[Event "Team 45 45 League T67"]
[Site "Internet Chess Club"]
[Date "2015.12.19"]
[Round "3"]
[White "lacibacsi"]
[Black "LittleButton"]
[Result "1/2-1/2"]
[WhiteElo "2075"]
[BlackElo "1869"]
[Opening "French: advance, Paulsen attack"]
[ECO "C02"]
[Time "12:02:07"]
[TimeControl "2700+45"]

1. e4 e6 2. d4 d5 3. e5 c5 4. c3 Nc6 5. Nf3 Nge7 6. Na3 cxd4 7. cxd4 Nf5 8. Nc2
Bd7 9. Be2 Be7 10. O-O O-O 11. a3 Na5 12. b4 Nc4 13. Ne3 Nfxe3 14. Bxe3 Rc8 15.
Qb3 Bb5 16. Bd3 f5 17. exf6 Bxf6 18. Rfe1 Nd6 19. Bxb5 Nxb5 20. Rac1 Qd7 21. h4
Nd6 22. h5 h6 23. Qd3 Qf7 24. g4 Ne4 25. Kg2 {Game drawn by mutual agreement}
1/2-1/2

[Event "Team 45 45 League T67"]
[Site "Internet Chess Club"]
[Date "2015.12.16"]
[Round "3"]
[White "Bryant-L"]
[Black "THE-WARRIOR"]
[Result "0-1"]
[WhiteElo "1743"]
[BlackElo "1687"]
[Opening "French: exchange variation"]
[ECO "C01"]
[Time "11:00:10"]
[TimeControl "2700+45"]

1. e4 e6 2. d4 d5 3. exd5 exd5 4. Nf3 Bg4 5. Nc3 Nf6 6. Be2 c6 7. O-O Nbd7 8. h3
Bh5 9. Re1 Be7 10. Bf4 O-O 11. Qd2 Bb4 12. a3 Ba5 13. b4 Bc7 14. Nh2 Bxe2 15.
Rxe2 Re8 16. Rae1 Rxe2 17. Nxe2 Nf8 18. Ng3 Ne6 19. Bxc7 Qxc7 20. Nf3 Re8 21.
Ne5 b6 22. Qd3 c5 23. bxc5 bxc5 24. c3 c4 25. Qe3 Qd6 26. f4 Qxa3 27. Kf2 Rb8
28. Nf5 Ne4+ 29. Kg1 Qxc3 30. Qe2 Rb2 {White resigns} 0-1

[Event "Team 45 45 League T67"]
[Site "Internet Chess Club"]
[Date "2015.12.19"]
[Round "3"]
[White "Tobiasdelmonte"]
[Black "bradleyguo175"]
[Result "1-0"]
[WhiteElo "1854"]
[BlackElo "1643"]
[Opening "King's Indian, 3.Nf3"]
[ECO "E60"]
[Time "09:33:13"]
[TimeControl "2700+45"]

1. d4 Nf6 2. Nf3 g6 3. c4 d6 4. h3 Bg7 5. Nc3 O-O 6. Bg5 Nbd7 7. e3 e5 8. Be2
Re8 9. O-O h6 10. Bh4 e4 11. Nd2 g5 12. Bg3 Nb6 13. Qc2 Bf5 14. a4 a5 15. Nb5
Rc8 16. Rfd1 d5 17. c5 Nbd7 18. Qc3 c6 19. Nd6 Bg6 20. Nxb7 Qe7 21. Nd6 Ra8 22.
Nxe8 Qxe8 23. b4 axb4 24. Qxb4 Qc8 25. a5 Nb8 26. Rdb1 Na6 27. Qa4 Nd7 28. Ra2
Ndb8 29. Rb6 f5 30. Bxa6 Nxa6 31. Rxc6 Qe8 32. Qb5 Nb4 33. Qxb4 Qxc6 34. Qb6
Qxb6 35. cxb6 Be8 36. b7 Rb8 37. Bxb8 {Black resigns} 1-0